 Dungeon Crawl Stone Soup version 0.31-a0-1163-gcee99d1eea (webtiles) character file.

Game seed: 10792050824334376872

9 DApurpleWHUMPUS the Firebug (level 2, 0/2 HPs)
             Began as a Hill Orc Fire Elementalist on Dec 9, 2023.
             Slain by a bat (1 damage)
             ... on level 1 of the Dungeon.
             The game lasted 00:01:13 (405 turns).

DApurpleWHUMPUS the Firebug (HOFE)                   Turns: 405, Time: 00:01:14

Health: 0/2        AC:  0    Str: 10    XL:     2   Next: 12%
Magic:  5/5        EV: 12    Int: 15    God:
Gold:   37         SH:  0    Dex: 11    Spells: 4/5 levels left

rFire   . .          .
                       - Blade Hands
rCold   . . .        (shield currently unavailable)
rNeg    . . .        a - +0 robe
rPois   .            (no helmet)
rElec   .            (no cloak)
rCorr   .            (gloves currently unavailable)
SInv    .            (no boots)
Will    .....        (no amulet)
Stlth   ++           (no ring)
HPRegen 0.20/turn    (no ring)
MPRegen 0.09/turn

%: no passive effects
@: blade hands
A: reduced hp
a: Begin Untransformation


You were on level 1 of the Dungeon.
You had blades for hands.
You visited 1 branch of the dungeon, and saw 1 of its levels.

You collected 37 gold pieces.

Inventory:

Armour
 a - a +0 robe (worn)
Talismans
 e - a blade talisman (active)
Scrolls
 d - a scroll of fog {unknown}
Potions
 b - a potion of magic
 c - a potion of attraction {unknown}


   Skills:
 - Level 1.5 Dodging
 - Level 1.5 Stealth
 * Level 2.0 Spellcasting
 - Level 1.0 Conjurations
 + Level 3.5 Fire Magic


You had 4 spell levels left.
You knew the following spells:

 Your Spells              Type           Power      Damage    Failure   Level
a - Foxfire               Conj/Fire      32%        2x1d5     9%          1

Your spell library contained the following spells:

 Spells                   Type           Power      Damage    Failure   Level
 Scorch                   Fire           24%        2d6       8%          2
 Inner Flame              Hex/Fire       6%         N/A       32%         3
 Volatile Blastmotes      Fire/Tloc      12%        2d11      32%         3
 Flame Wave               Conj/Fire      8%         2d5       65%         4


Dungeon Overview and Level Annotations

Branches:
Dungeon (1/15)

Altars:


Message History

Your foxfire dissipates!
The foxfire hits the goblin.
You kill the goblin!
Your Spellcasting skill increases to level 2!
You conjure some foxfire!
You conjure some foxfire!
The foxfire hits the ball python.
You kill the ball python!
Your foxfire dissipates!
You see here a ball python corpse.
You see here a +0 club.
Your foxfire dissipates! x2
You see here a blade talisman.
e - a blade talisman
Okay, then.
Okay, then.
You conjure some foxfire!
Okay, then.
You begin transforming.
You continue transforming.
Your foxfire dissipates!
You continue transforming.
Your foxfire dissipates!
You continue transforming.
Your hands turn into razor-sharp scythe blades.
A rat comes into view.
A bat comes into view.
A rat and a giant cockroach come into view.
The rat squeaks loudly. x2
A ball python comes into view.
A giant cockroach comes into view.
The ball python hisses angrily.
You closely miss the bat. The bat hits you.
Ouch! That really hurt!
The rat twitches its whiskers.
The bat hits you.
Ouch! That really hurt!
You die...

#.# ..# # ### ### #.# ..
.. .. #.# #.# #.#.# #.#
.. .r. #.# #.#.#.#B#
##.#########
..B..Sr.######...........
.......b@...##.##.#.####.
###########.##.##.#......
########.##>##%#####(.
.........##...........
######...)†...#####.#
#.######## #.# #.# #.#
#.# #># #.# #########.#


You could see 2 giant cockroaches, a bat, a ball python and 2 rats.

Vanquished Creatures
  A dart slug (D:1)
  An endoplasm (D:1)
  3 goblins (D:1)
  A ball python (D:1)
6 creatures vanquished.

Vanquished Creatures (others)
  22 foxfires (D:1)
22 creatures vanquished.

Grand Total: 28 creatures vanquished

Notes
Turn   | Place    | Note
-------+----------+-------------------------------------------
     0 | D:1      | DApurpleWHUMPUS the Hill Orc Fire Elementalist began the
                  | quest for the Orb.
     0 | D:1      | Reached XP level 1. HP: 14/14 MP: 3/3
   268 | D:1      | Reached XP level 2. HP: 11/20 MP: 0/4
   405 | D:1      | Slain by a bat

Illustrated notes

Levels and vault maps discovered:
D:1:      dpeg_cavernosity, layout_loops_ring, minmay_misc_feat_pillars

Skill      XL: |  1  2 |
---------------+-------+-----
Spellcasting   | 2 |  2.0
Dodging        | |  1.5
Stealth        | |  1.5
Conjurations   | |  1.0
Fire Magic     | |  3.5

Action                     || total
---------------------------++-------
  Melee: Unarmed           ||     5
   Cast: Foxfire           ||    13
 Armour: Robe              ||     7
  Dodge: Dodged            ||     6
   Form: Blade             ||     1

Table legend: (Time is in decaauts)
 A = Elapsed time spent in this place.
 B = Non-inter-level travel time spent in this place.
 C = Inter-level travel time spent in this place.
 D = Time resting spent in this place.
 E = Time spent auto-exploring this place.
 F = Levels seen in this place.
 G = Mean time per level.
                   A        B        C        D        E       F      G
               +--------+--------+--------+--------+--------+-----+--------+
         Total |    405 |    405 |      0 |      0 |    332 |   1 |  405.0 |
       Dungeon |    405 |    405 |      0 |      0 |    332 |   1 |  405.0 |
               +--------+--------+--------+--------+--------+-----+--------+

Top non-repeatable levels by time:
     D:1: 405 daAuts
